 Dungeon Crawl Stone Soup version 0.27.1-33-g824d729ab1 (webtiles) character file.

Game seed: 559316133839138618

23 zeram the Ducker (level 2, 0/16 HPs)
             Began as a Spriggan Fighter on Dec 28, 2021.
             Constricted to death by a ball python (1 damage)
             ... on level 1 of the Dungeon.
             The game lasted 00:02:04 (1766 turns).

zeram the Ducker (Spriggan Fighter)                 Turns: 1766, Time: 00:02:05

Health: 0/16       AC:  2    Str: 12    XL:     2   Next: 75%
Magic:  3/3        EV: 14    Int:  9    God:
Gold:   8          SH:  6    Dex: 14    Spells: 1/1 levels left

rFire    . . .     SeeInvis +   a - +1 rapier
rCold    . . .     Faith    .   c - +0 buckler
rNeg     . . .     Spirit   .   b - +0 robe
rPois    .         Reflect  .   (helmet restricted)
rElec    .         Harm     .   (no cloak)
rCorr    .         Rampage  .   (gloves unavailable)
Will     .....                  (boots unavailable)
Stlth    +.........             (no amulet)
HPRegen  0.05/turn              (no ring)
MPRegen  0.08/turn              (no ring)

@: constricted, very quick
A: very small, no large weapons, unfitting armour, see invisible, speed 3
a: no special abilities


You were on level 1 of the Dungeon.
You visited 1 branch of the dungeon, and saw 2 of its levels.

You collected 8 gold pieces.

Inventory:

Hand Weapons
 a - a +1 rapier (weapon)
Armour
 b - a +0 robe (worn)
 c - a +0 buckler (worn)
Scrolls
 g - a scroll of identify {unknown}
 h - a scroll of acquirement {unknown}
 i - a scroll of immolation {unknown}
Potions
 d - a potion of might
 j - a potion of berserk rage {unknown}
 k - a potion of degeneration {unknown}


   Skills:
 - Level 2.4 Fighting
 - Level 2.1 Short Blades
 - Level 4.0 Dodging
 + Level 3.0 Shields


You had one spell level left.
You didn't know any spells.
Your spell library was empty.

Dungeon Overview and Level Annotations

Branches:
Dungeon (2/15)

Altars:


Innate Abilities, Weirdness & Mutations

You are very small and have problems with some larger weapons.
You are too small for most types of armour.
You have supernaturally acute eyesight. (SInv)
You cover ground extremely quickly. (Speed+++)


Message History

The jackal is heavily wounded.
The jackal closely misses you. You block the jackal's attack. x2
The ball python closely misses you. The ball python constricts you.
The jackal barely misses you. The jackal closely misses you.
Unknown command.
You hit the jackal.
The jackal is almost dead.
The jackal bites you. You block the jackal's attack.
The ball python misses you. The ball python constricts you.
The jackal barely misses you. You block the jackal's attack.
You closely miss the jackal.
The jackal is almost dead.
The jackal bites you but does no damage.
The jackal misses you. The ball python bites you.
The ball python constricts you.
The jackal bites you but does no damage.
The jackal closely misses you.
The jackal bites you but does no damage.
The ball python bites you but does no damage.
The ball python constricts you.
You closely miss the jackal.
The jackal is almost dead.
You block the jackal's attack. x2; The jackal bites you.
The jackal closely misses you. The ball python closely misses you.
The ball python constricts you. The jackal bites you.
Unknown command.
You barely miss the jackal.
The jackal is almost dead.
You block the jackal's attack. The jackal barely misses you.
The ball python bites you.
* * * LOW HITPOINT WARNING * * *
The ball python constricts you.
* * * LOW HITPOINT WARNING * * *
You block the jackal's attack. x2; The jackal bites you.
* * * LOW HITPOINT WARNING * * *
You hit the jackal but do no damage.
The jackal is almost dead.
The jackal closely misses you. You block the ball python's attack.
The ball python constricts you.
You die...

.......# #.†.#.#.##.#
.......# #...#(#.##.#
.......# #.......##.#####
.......# ##...)####.....#
8......# ####....# #####.#
.8.....# #.......#### #.#
.......# #.##.......# #.###
..)....# #.##.#hS##.# #...#
.......###.##.#h@##.#######.#
......##...##.##h#..........#
##..#.##.####.##.############
#...#.##.# #....#
#####....####'#### ##
##..........# .# #..........#
.### #..........# ...#
#..........#


You could see 3 jackals and a ball python.

Vanquished Creatures
  A dart slug (D:1)
  A ball python (D:1)
  An endoplasm (D:1)
  A giant cockroach (D:2)
  3 goblins (D:1)
  A hobgoblin (D:2)
  4 kobolds (D:1)
  2 quokkas (D:1)
  3 bats (D:1)
  A frilled lizard (D:1)
  A rat (D:1)
19 creatures vanquished.

Notes
Turn   | Place    | Note
-------+----------+-------------------------------------------
     0 | D:1      | zeram the Spriggan Fighter began the quest for the Orb.
     0 | D:1      | Reached XP level 1. HP: 11/11 MP: 2/2
   406 | D:1      | Found a faded altar of an unknown god.
   414 | D:1      | Reached XP level 2. HP: 16/16 MP: 3/3
  1766 | D:1      | Constricted to death by a ball python

Illustrated notes

Levels and vault maps discovered:
D:1:      dpeg_arrival_radiant, layout_basic, shapermc_ecumenical_altar_pompeii,
          minmay_hexomino_p4
D:2:      layout_basic, serial_shops, nicolae_lakefront_shop, shop, shop,
          nicolae_square_shop, shop

Skill      XL: |  1  2 |
---------------+-------+-----
Shields        | 3 |  3.0
Fighting       | |  2.4
Short Blades   | |  2.1
Dodging        | |  4.0

Action                   || total
-------------------------++-------
Melee: Rapier            ||    79
  Use: Scroll            ||     2
 Stab: Sleeping          ||     1
Armor: Robe              ||    18
Dodge: Dodged            ||    86
Block: Buckler           ||    28
